 Dungeon Crawl Stone Soup version 0.19-a0-1678-g8ce114c (webtiles) character file.

4724 Arkorax the Blocker (level 10, -2/74 HPs)
             Began as a Formicid Fighter on Sept 24, 2016.
             Was a Believer of Hepliaklqana.
             Slain by a killer bee (5 damage)
             ... on level 9 of the Dungeon.
             The game lasted 00:09:48 (8790 turns).

Arkorax the Blocker (Formicid Fighter)              Turns: 8790, Time: 00:09:49

Health: -2/74      AC:  9    Str: 23    XL:     10   Next: 73%
Magic:  10/10      EV: 10    Int:  9    God:    Hepliaklqana [**....]
Gold:   223        SH: 12    Dex: 10    Spells: 0 memorised, 9 levels left

rFire  . . .     SeeInvis +     a - +0 war axe
rCold  . . .     Gourm    +     B - +1 ring mail of the Unseen Realm {-Tele rElec rPois rN+}
rNeg   + . .     Faith    .     c - +0 shield
rPois  +         Spirit   .     (helmet unavailable)
rElec  +         Dismiss  .     i - +0 cloak {+Inv}
rCorr  .         Reflect  .     (no gloves)
MR     +....     Harm     .     (no boots)
Stlth  ..........               d - amulet of the gourmand
                                (no ring)
                                H - ring of poison resistance

@: drained
A: permanent stasis, dig shafts and tunnels, four strong arms, reduced essence,
antennae 3
a: Dig, Shaft Self, Recall Ancestor, Ancestor Identity, Renounce Religion, Evoke
Invisibility


You were on level 9 of the Dungeon.
You worshipped Hepliaklqana.
Hepliaklqana was pleased with you.
You were very full.

You visited 2 branches of the dungeon, and saw 10 of its levels.

You collected 465 gold pieces.
You spent 242 gold pieces at shops.

Inventory:

Hand Weapons
 a - a +0 war axe (weapon)
 y - a +0 dagger of electrocution
   (You took it off an orc on level 4 of the Dungeon)
Missiles
 Y - a throwing net (quivered)
Armour
 c - a +0 shield (worn)
 i - a +0 cloak of invisibility (worn)
   (You found it on level 1 of the Dungeon)
 B - the +1 ring mail of the Unseen Realm (worn) {-Tele rElec rPois rN+}
   (You bought it in a shop on level 6 of the Dungeon)

   It insulates you from electricity.
   It protects you from poison.
   It protects you from negative energy.
   It prevents most forms of teleportation.
Jewellery
 d - an amulet of the gourmand (around neck)
 q - a -2 ring of protection
 G - an uncursed ring of protection from fire {unknown}
 H - a ring of poison resistance (left hand)
Wands
 n - a wand of iceblast (5/15)
Scrolls
 b - 3 scrolls of random uselessness {unknown}
 g - a scroll of remove curse
 h - a scroll of amnesia {unknown}
 k - 3 scrolls of enchant weapon {unknown}
 l - 7 scrolls of identify {unknown}
 m - a scroll of fog {unknown}
 o - 2 scrolls of immolation {unknown}
 r - 4 scrolls of teleportation {unknown}
 s - 3 scrolls of magic mapping {unknown}
 v - 2 scrolls of enchant armour {unknown}
 w - 2 scrolls of blinking {unknown}
Potions
 e - a potion of degeneration {unknown}
 p - a potion of heal wounds {unknown}
 t - a potion of lignification {unknown}
 u - 5 potions of flight {unknown}
 x - a potion of cancellation {unknown}
 C - a potion of berserk rage {unknown}
 E - a potion of mutation {unknown}
 F - a potion of invisibility {unknown}
 J - a potion of beneficial mutation {unknown}
Books
 z - a book of Death
Comestibles
 f - 7 bread rations {!e}
 j - 7 meat rations {!e}
 A - a slice of pizza
 D - a beef jerky


   Skills:
 + Level 9.1 Fighting
 + Level 8.0(7.9) Axes
 + Level 8.6 Armour
 + Level 9.6 Shields


You had 9 spell levels left.
You didn't know any spells.

Dungeon Overview and Level Annotations

Branches:
Dungeon (9/15)             Temple (1/1) D:7             Orc (0/2) D:9
   Lair: D:8-11

Altars:
Cheibriados
Elyvilon
Fedhas
Hepliaklqana
Kikubaaqudgha
Nemelex Xobeh
Sif Muna
Vehumet
Xom
The Shining One

Shops:
D:6 *

Annotations:
D:3 exclusion: door
D:9 jedvagenij's ghost, novice DDFi


Innate Abilities, Weirdness & Mutations

You are under a permanent stasis effect.
You can dig through walls and to a lower floor.
Your four strong arms can wield two-handed weapons with a shield.
You have a pair of large antennae on your head. (SInv)
Your life essence is reduced. (-10% HP)


Message History

You hit jedvagenij's ghost but do no damage.
Jedvagenij's ghost is moderately damaged.
Jedvagenij's ghost hits you.
* * * LOW HITPOINT WARNING * * *
Tlaloc hits jedvagenij's ghost but does no damage.
Damage: 2 (max 21)
You barely miss jedvagenij's ghost.
Jedvagenij's ghost is moderately damaged.
Jedvagenij's ghost mumbles, "They all look like pillowcases to me..."
You block jedvagenij's ghost's attack.
Tlaloc hits jedvagenij's ghost with a flail.
You hit jedvagenij's ghost.
Jedvagenij's ghost is heavily damaged.
You block jedvagenij's ghost's attack.
Tlaloc hits jedvagenij's ghost but does no damage.
You slash jedvagenij's ghost!
Jedvagenij's ghost is severely damaged.
Jedvagenij's ghost hits you!!
* * * LOW HITPOINT WARNING * * *
Tlaloc hits jedvagenij's ghost but does no damage.
Damage: 18 (max 21) Tlaloc blocks jedvagenij's ghost's attack.
Tlaloc hits jedvagenij's ghost but does no damage.
Tlaloc blocks jedvagenij's ghost's attack.
Jedvagenij's ghost hits Tlaloc!
Tlaloc hits jedvagenij's ghost but does no damage.
Tlaloc blocks jedvagenij's ghost's attack.
Tlaloc hits jedvagenij's ghost but does no damage.
Jedvagenij's ghost hits Tlaloc but does no damage.
Tlaloc hits jedvagenij's ghost with a flail!
A killer bee comes into view.
The killer bee buzzes angrily.
Tlaloc blocks jedvagenij's ghost's attack.
Tlaloc hits jedvagenij's ghost but does no damage. 2 killer bees come into view.
The killer bee buzzes angrily. x2
Tlaloc blocks something's attack.
You block the killer bee's attack.
Okay, then.
Tlaloc hits jedvagenij's ghost with a flail!
Okay, then.
Are you sure you want to shaft yourself?
You feel quite a bit less full.
Jedvagenij's ghost hits Tlaloc but does no damage.
You block the killer bee's attack.
You begin to dig a shaft.
You continue digging a shaft.
You block the killer bee's attack.
Tlaloc hits jedvagenij's ghost but does no damage.
Jedvagenij's ghost hits Tlaloc!
The killer bee stings you.
You die...

#.#.......'......#...#..#
#.#.......#####..#...#..#
#.#............<.#...#..#
#.#####'###.###..#......# #. #.#
#.####.##....###### #.#
#.................. #.#
######.##..########
#########.########.##..........
........W.WR....@yy..<.########
#########.########y##..# ##.#
#.##.># ########..# #.###[#
..........# #.# #.#
##.#.###..########.###.##########
........<.......................)
##.#.#.#..########.###.##########
#.#.#.#.............#)#


You could see the friendly Tlaloc the knight, 3 killer bees and jedvagenij's
ghost.

Vanquished Creatures
  A troll (D:8)
  2 hippogriffs
  Grum (D:8)
  2 water moccasins
  A black bear (D:7)
  2 sky beasts
  4 ogres
  4 phantoms
  3 centaurs (D:6)
  A wolf (D:8)
  The ghost of Flanowski the Digger, an amateur GrEE (D:3)
  A big kobold (D:7)
  3 bullfrogs
  3 killer bees (D:9)
  3 wights (D:9)
  A howler monkey (D:5)
  A crimson imp (D:3)
  5 hounds
  A jelly (D:6)
  4 orc priests
  2 bullfrog skeletons (D:5)
  A centaur skeleton (D:4)
  6 orc wizards
  Jessica (D:2)
  6 worker ants
  2 hound skeletons
  A hound zombie (D:8)
  6 gnolls
  10 adders
  4 shadow imps
  An ooze (D:2)
  An adder zombie (D:7)
  An adder skeleton (D:4)
  3 worms
  8 leopard geckos
  29 orcs
  A ball python (D:2)
  6 giant cockroaches
  9 goblins
  6 hobgoblins
  2 jackals
  A quokka (D:4)
  12 bats
  8 frilled lizards
  9 kobolds
  A quokka skeleton (D:5)
  5 rats
  A plant (D:7)
187 creatures vanquished.

Vanquished Creatures (collateral kills)
  A sky beast (D:8)
  An ice beast (D:8)
  An ogre (D:7)
  2 wolves (D:8)
  2 bullfrogs
  A killer bee (D:9)
  An electric eel (D:7)
  A crimson imp (D:7)
  A jelly (D:9)
  An orc priest (D:8)
  2 worker ants
  A gnoll (D:7)
  An adder (D:8)
  2 leopard geckos
  A jackal (D:7)
  A kobold (D:7)
20 creatures vanquished.

Vanquished Creatures (others)
  5 dream sheep (D:5)
  An orc wizard (D:5)
  2 ancestors
  A leopard gecko (D:7)
  2 orcs (D:5)
11 creatures vanquished.

Grand Total: 218 creatures vanquished

Notes
Turn   | Place    | Note
-------+----------+-------------------------------------------
     0 | D:1      | Arkorax the Formicid Fighter began the quest for the Orb.
     0 | D:1      | Reached XP level 1. HP: 18/18 MP: 1/1
    86 | D:1      | Reached XP level 2. HP: 22/24 MP: 2/2
   293 | D:1      | Reached skill level 4 in Shields
   503 | D:1      | Reached XP level 3. HP: 29/29 MP: 3/3
   876 | D:2      | Reached XP level 4. HP: 36/37 MP: 4/4
   896 | D:2      | Noticed Jessica
   901 | D:2      | Killed Jessica
   901 | D:2      | Reached skill level 4 in Fighting
   901 | D:2      | Reached skill level 4 in Armour
  1159 | D:2      | Reached XP level 5. HP: 42/42 MP: 5/5
  1309 | D:3      | Noticed Flanowski's ghost (amateur GrEE)
  1316 | D:3      | Killed Flanowski's ghost
  1316 | D:3      | Reached skill level 3 in Axes
  1390 | D:3      | Reached XP level 6. HP: 46/49 MP: 6/6
  1414 | D:3      | Reached skill level 5 in Shields
  1858 | D:3      | Found a deep blue altar of Sif Muna.
  2246 | D:4      | Found a white marble altar of Elyvilon.
  2469 | D:4      | Reached XP level 7. HP: 44/55 MP: 7/7
  2672 | D:4      | Reached skill level 5 in Fighting
  2672 | D:4      | Reached skill level 5 in Armour
  2679 | D:4      | Noticed a hippogriff
  2688 | D:4      | Reached skill level 4 in Axes
  2689 | D:4      | HP: 16/56 [hippogriff (2)]
  2693 | D:4      | Killed a hippogriff
  2693 | D:4      | Reached skill level 6 in Shields
  2708 | D:4      | Reached XP level 8. HP: 18/63 MP: 8/8
  3735 | D:5      | Entered Level 5 of the Dungeon
  3937 | D:5      | Reached skill level 5 in Axes
  3937 | D:5      | Reached skill level 6 in Armour
  3940 | D:5      | Found a snail-covered altar of Cheibriados.
  3994 | D:5      | Reached skill level 6 in Fighting
  4192 | D:5      | Reached skill level 7 in Shields
  4298 | D:5      | Found a shimmering altar of Xom.
  4298 | D:5      | Noticed a dream sheep
  4298 | D:5      | Noticed a dream sheep
  4298 | D:5      | Noticed a dream sheep
  4298 | D:5      | Noticed a dream sheep
  4298 | D:5      | Noticed a dream sheep
  4303 | D:5      | Killed a dream sheep
  4303 | D:5      | Killed a dream sheep
  4303 | D:5      | Killed a dream sheep
  4303 | D:5      | Killed a dream sheep
  4306 | D:5      | Killed a dream sheep
  4478 | D:5      | Reached XP level 9. HP: 27/71 MP: 9/9
  5118 | D:6      | Found Hocug's Assorted Antiques.
  5134 | D:6      | Bought a scroll labeled CAYLO XAMOUFAY for 22 gold pieces
  5134 | D:6      | Bought a scroll labeled ZUOMMI HIAMIB for 22 gold pieces
  5134 | D:6      | Bought a twisted ring mail for 198 gold pieces
  5144 | D:6      | Identified the cursed +1 ring mail of the Unseen Realm {-Tele rElec rPois rN+} (You bought it in a shop on level 6 of the Dungeon)
  5184 | D:6      | Reached skill level 7 in Fighting
  5235 | D:6      | Found a glowing golden altar of the Shining One.
  5241 | D:6      | Reached skill level 6 in Axes
  5265 | D:6      | Found a sparkling altar of Nemelex Xobeh.
  5280 | D:6      | Reached skill level 7 in Armour
  5810 | D:7      | Reached skill level 8 in Shields
  5883 | D:7      | Found a staircase to the Ecumenical Temple.
  5925 | Temple   | Entered the Ecumenical Temple
  5929 | Temple   | Became a worshipper of Hepliaklqana
  6059 | D:7      | HP: 19/65 [crimson imp (1)]
  6812 | D:8      | Reached XP level 10. HP: 72/72 MP: 10/10
  6849 | D:8      | Reached skill level 8 in Fighting
  6849 | D:8      | Reached skill level 7 in Axes
  6918 | D:8      | Reached * piety under Hepliaklqana
  6999 | D:8      | Reached skill level 8 in Armour
  7132 | D:8      | Reached skill level 9 in Shields
  7141 | D:8      | Noticed Grum
  7150 | D:8      | HP: 20/73 [wolf[Grum] (4)]
  7150 | D:8      | HP: 8/73 [bullfrog (2)]
  7152 | D:8      | Killed Grum
  7462 | D:8      | Found a blossoming altar of Fedhas.
  7892 | D:8      | Found an ancient bone altar of Kikubaaqudgha.
  8045 | D:9      | Found a staircase to the Orcish Mines.
  8371 | D:9      | Reached skill level 9 in Fighting
  8690 | D:9      | Reached ** piety under Hepliaklqana
  8691 | D:9      | Remembered your ancestor Tlaloc as a knight
  8726 | D:9      | Reached skill level 8 in Axes
  8750 | D:9      | Noticed jedvagenij's ghost (novice DDFi)
  8775 | D:9      | HP: 21/74 [jedvagenij's ghost (4)]
  8779 | D:9      | HP: 1/74 [jedvagenij's ghost (19)]
  8790 | D:9      | Slain by a killer bee

Vault maps used:
D:1:      dpeg_arrival_fog
D:2:      minmay_pentomino_o2, uniq_jessica
D:3:      led_sif_book, hangedman_decor_growths, minivault_5
D:4:      marbit_many_paths
D:5:      kb_xom_exploding_sheep, first_bread, roderic_serpentine_path,
          minivault_14, cheibrodos_worm_habitat
D:6:      nemelex_xobeh_ov_fountains_minmay, lemuel_crystal_altar, serial_shops,
          shop
D:7:      serial_bayou_ford_a
D:8:      lemuel_coloured_pillars_altar, kennysheep_mini_moat, uniq_grum
D:9:      minitemple, orc_0_dummy
Temple:   nicolae_temple_hex_pool

Skill      XL: |  1  2  3  4  5  6  7  8  9 10 |
---------------+-------------------------------+-----
Shields        | 4 5 6 7 8 9 |  9.6
Fighting       | 4 5 6 7 9 |  9.1
Armour         | 4 5 6 7 8 |  8.6
Axes           | 3 4 5 6 8 |  8.0

Action                   |  1- 3 |  4- 6 |  7- 9 | 10-12 || total
-------------------------+-------+-------+-------+-------++-------
Melee: War axe           |   112 |   164 |   368 |   186 ||   830
Throw: Throwing net      |       |       |       |     1 ||     1
Invok: Ancestor Life: Kn |       |       |       |     1 ||     1
 Abil: Shaft Self        |       |       |       |     1 ||     1
Evoke: Wand              |       |       |       |     1 ||     1
  Use: Potion            |       |       |     3 |     3 ||     6
       Scroll            |       |       |     2 |       ||     2
 Stab: Held in net/web   |       |       |       |     1 ||     1
  Eat: Chunk             |       |     6 |    26 |     6 ||    38
Armor: Scale mail        |    66 |       |       |       ||    66
       Chain mail        |     3 |   101 |    95 |       ||   199
       Ring mail         |       |       |    65 |    48 ||   113
Dodge: Dodged            |    33 |    41 |   130 |    74 ||   278
Block: Shield            |    73 |   117 |   208 |   109 ||   507

Table legend:
 A = Turns spent in this place as a percentage of turns spent in the entire game.
 B = Non-inter-level travel turns spent in this place as a percentage of non-inter-level travel turns spent in the entire game.
 C = Inter-level travel turns spent in this place as a percentage of turns spent in this place.
 D = Turns resting spent in this place as a percentage of non-inter-level travel turns spent in this place.
 E = Turns spent auto-exploring this place as a percentage of non-inter-level travel turns spent in this place.
 F = Non-inter-level travel turns spent in this place divided by the number of levels of this place that you've seen.
                   A       B       C       D       E      F
               +-------+-------+-------+-------+-------+----------------------
         Total | 100.0 | 100.0 |   0.4 |   1.5 |  12.5 | 304.2
       Dungeon |  99.7 |  99.8 |   0.4 |   1.5 |  12.5 | 337.2
        Temple |   0.3 |   0.2 |  12.5 |   0.0 |   0.0 |   7.0
               +-------+-------+-------+-------+-------+----------------------

Vault maps used:
D:1:      dpeg_arrival_fog
D:2:      minmay_pentomino_o2, uniq_jessica
D:3:      led_sif_book, hangedman_decor_growths, minivault_5
D:4:      marbit_many_paths
D:5:      kb_xom_exploding_sheep, first_bread, roderic_serpentine_path,
          minivault_14, cheibrodos_worm_habitat
D:6:      nemelex_xobeh_ov_fountains_minmay, lemuel_crystal_altar, serial_shops,
          shop
D:7:      serial_bayou_ford_a
D:8:      lemuel_coloured_pillars_altar, kennysheep_mini_moat, uniq_grum
D:9:      minitemple, orc_0_dummy
Temple:   nicolae_temple_hex_pool
